 Dungeon Crawl Stone Soup version 0.18.1-48-g4cf74bf (webtiles) character file.

1416 Alarkh the Spear-Bearer (level 8, 0/56 HPs)
             Began as a Mummy Skald on July 7, 2016.
             Slain by a hound (3 damage)
             ... on level 4 of the Dungeon.
             The game lasted 00:15:10 (9041 turns).

Alarkh the Spear-Bearer (Mummy Skald)               Turns: 9041, Time: 00:15:10

Health: 0/56       AC:  5    Str: 16    XL:     8   Next: 43%
Magic:  10/11      EV: 11    Int: 13    God:
Gold:   221        SH:  0    Dex: 11    Spells: 3 memorised, 5 levels left

rFire  . . .     SeeInvis .     b - +0 dagger (venom)
rCold  + + .     Gourm    .     n - +1 robe {rC+ rF+}
rNeg   + + +     Faith    .     (no shield)
rPois  ∞         Spirit   .     (no helmet)
rElec  .         Dismiss  .     h - +0 cloak
rCorr  .         Reflect  .     (no gloves)
SustAt .         Harm     .     (no boots)
MR     +....                    (no amulet)
Stlth  +.........               (no ring)
                                i - +1 ring of protection

@: shrouded (expiring), somewhat resistant to hostile enchantments, very
unstealthy
A: no food or potions, fire vulnerability, cold resistance 1, negative energy
resistance 3, torment resistance, unbreathing
a: no special abilities


You were on level 4 of the Dungeon.
You were not hungry.

You visited 1 branch of the dungeon, and saw 7 of its levels.

You collected 221 gold pieces.

Inventory:

Hand Weapons
 a - a +0 halberd
 b - a +0 dagger of venom (weapon)
 o - a +0 spear
 w - a +2 spear of chaos
Missiles
 d - 2 throwing nets (quivered)
Armour
 f - a +0 leather armour
 g - a +0 leather armour of fire resistance
 h - a +0 cloak (worn)
 j - a +0 leather armour
 n - a +1 robe of resistance (worn)
 t - a cursed +0 leather armour
 u - a cursed +0 robe
Jewellery
 i - a +1 ring of protection (left hand)
Scrolls
 k - a scroll of immolation
 l - a scroll of noise {unknown}
 m - a scroll of random uselessness {unknown}
 p - 2 scrolls of fog {unknown}
 q - 2 scrolls of magic mapping {unknown}
 r - a scroll of amnesia {unknown}
 s - a scroll of enchant weapon {unknown}
 v - a scroll of silence {unknown}
Books
 c - a book of Battle

   Spells                             Type                      Level
   a - Infusion                       Charms                       1
   b - Shroud of Golubria             Charms/Translocation         2
   c - Song of Slaying                Charms                       2
   d - Spectral Weapon                Hexes/Charms                 3
   e - Regeneration                   Charms/Necromancy            3


   Skills:
 - Level 2.0 Fighting
 * Level 8.8 Polearms
 - Level 0.7 Armour
 - Level 0.7 Dodging
 - Level 2.1 Spellcasting
 - Level 2.6 Charms


You had 5 spell levels left.
You knew the following spells:

 Your Spells              Type           Power        Failure   Level  Hunger
a - Infusion              Chrm           #...         10%         1    N/A
b - Shroud of Golubria    Chrm/Tloc      #.........   24%         2    N/A
c - Spectral Weapon       Hex/Chrm       #.......     52%         3    N/A

Dungeon Overview and Level Annotations

Branches:
Dungeon (7/15)
 Temple: D:4-7

Altars:
Ashenzari
Elyvilon
Kikubaaqudgha
Pakellas
Qazlal
Xom
The Shining One

Shops:
D:4 %

Annotations:
D:6 kobby's ghost, novice HOWn


Innate Abilities, Weirdness & Mutations

You do not eat or drink.
Your flesh is vulnerable to fire.
You are immune to poison.
Your flesh is cold resistant.
You are immune to negative energy.
You are immune to unholy pain and torment.
You can survive without breathing.


Message History

The hound closely misses you.
You hit the hound.
The hound is lightly wounded.
The hound bites you.
* * * LOW HITPOINT WARNING * * *
You closely miss the hound.
The hound is lightly wounded.
The hound bites you but does no damage.
Your shroud bends the hound's attack away.
You hit the hound.
The hound is moderately wounded.
The hound bites you but does no damage.
You barely miss the hound.
The hound is moderately wounded.
Your shroud begins to fray at the edges.
The hound bites you but does no damage. The hound barely misses you.
You miss the hound.
The hound is moderately wounded.
The hound bites you.
You die...

............#......#..#
............#......#..#
####.####..###.#####).#
####.#########.##.##..#
.....S.....#....#.....#
.....g.....#....#.....#
##..h###h..############
##'#####...####h###...#
..........S.##.#@#+...#
...........##S#####.(.#
..#...##...#.######...#
###.%.##.....##..###'##
#...............'....#
#...............#....#
######################


You could see a hound.

Vanquished Creatures
  Duvessa (D:5)
  An ogre (D:4)
  A centaur (D:5)
  Blork the orc (D:4)
  A giant frog (D:4)
  Dowan (D:5)
  4 killer bees
  3 vampire bats (D:2)
  A crimson imp (D:4)
  3 hounds (D:5)
  3 orc priests (D:4)
  An orc wizard (D:4)
  2 centaur skeletons (D:4)
  A worker ant (D:4)
  A hound skeleton (D:4)
  7 gnolls
  A howler monkey skeleton (D:5)
  10 adders
  2 shadow imps
  An ooze (D:2)
  3 adder skeletons (D:4)
  An adder zombie (D:5)
  3 worms
  2 dart slugs
  2 giant geckos
  13 orcs
  8 bats
  2 bat skeletons (D:2)
  4 bat zombies (D:2)
  2 giant cockroaches
  4 hobgoblins (D:1)
  11 jackals (D:1)
  5 quokkas
  3 ball pythons
  5 giant newts
  12 goblins
  13 kobolds
  6 rats
145 creatures vanquished.

Notes
Turn   | Place    | Note
--------------------------------------------------------------
     0 | D:1      | Alarkh the Mummy Skald began the quest for the Orb.
     0 | D:1      | Reached XP level 1. HP: 16/16 MP: 3/3
   236 | D:1      | Reached skill level 2 in Polearms
   236 | D:1      | Reached XP level 2. HP: 17/22 MP: 0/5
   348 | D:1      | Learned a level 2 spell: Shroud of Golubria
   505 | D:1      | HP: 1/22 [hobgoblin (2)]
  1088 | D:1      | Reached XP level 3. HP: 17/27 MP: 6/6
  1093 | D:1      | Learned a level 3 spell: Spectral Weapon
  1306 | D:2      | Found an oddly glowing altar of Pakellas.
  1588 | D:2      | Reached skill level 3 in Polearms
  1880 | D:2      | Reached XP level 4. HP: 27/33 MP: 1/7
  2335 | D:2      | Found a faded altar to an unknown god.
  2384 | D:2      | Became a worshipper of Ashenzari the Shackled
  2384 | D:2      | Reached * piety under Ashenzari
  2384 | D:2      | Fell from the grace of Ashenzari
  2472 | D:2      | Found a glowing golden altar of the Shining One.
  2863 | D:2      | Found an ancient bone altar of Kikubaaqudgha.
  2898 | D:2      | Reached skill level 4 in Polearms
  2898 | D:2      | Reached XP level 5. HP: 15/38 MP: 3/8
  3202 | D:2      | Was forgiven by Ashenzari
  3382 | D:2      | Reached skill level 5 in Polearms
  3711 | D:3      | Reached XP level 6. HP: 32/44 MP: 9/9
  3816 | D:3      | Found a stormy altar of Qazlal.
  4500 | D:2      | Found a shimmering altar of Xom.
  4903 | D:4      | Found Xyixt's Food Emporium.
  5259 | D:4      | Noticed Blork the orc
  5569 | D:4      | Killed Blork the orc
  5569 | D:4      | Reached skill level 6 in Polearms
  5569 | D:4      | Reached XP level 7. HP: 13/50 MP: 10/10
  6437 | D:4      | Found a white marble altar of Elyvilon.
  6486 | D:4      | Reached skill level 7 in Polearms
  7347 | D:5      | Entered Level 5 of the Dungeon
  7693 | D:5      | Reached XP level 8. HP: 49/56 MP: 11/11
  7744 | D:5      | Reached skill level 8 in Polearms
  7756 | D:5      | Noticed Dowan
  7786 | D:5      | Killed Dowan
  8018 | D:5      | Noticed Duvessa
  8239 | D:6      | Noticed kobby's ghost (novice HOWn)
  8311 | D:6      | Noticed a troll
  8821 | D:5      | Killed Duvessa
  9037 | D:4      | HP: 2/56 [hound (4)]
  9041 | D:4      | Slain by a hound

Skill      XL: |  1  2  3  4  5  6  7  8 |
---------------+-------------------------+-----
Polearms       | 2 3 4 5 6 7 8 |  8.8
Fighting       | |  2.0
Armour         | |  0.7
Dodging        | |  0.7
Spellcasting   | |  2.1
Charms         | |  2.6

Action                   |  1- 3 |  4- 6 |  7- 9 || total
-------------------------+-------+-------+-------++-------
Melee: Spear             |   169 |    60 |       ||   229
       Dagger            |       |   279 |   202 ||   481
       Halberd           |       |       |    60 ||    60
 Cast: Infusion          |    18 |     6 |     4 ||    28
       Shroud of Golubri |     3 |     3 |    13 ||    19
Invok: Renounce Religion |       |     1 |       ||     1
  Use: Scroll            |       |     2 |     5 ||     7
Armor: Leather armour    |    56 |   127 |    16 ||   199
       Robe              |       |       |    63 ||    63
Dodge: Dodged            |   110 |   253 |   169 ||   532
